 Dungeon Crawl Stone Soup version 0.30-a0-852-g08b95dd62f (webtiles) character file.

Game seed: 1139425472704968390

279 BattleRest the Cudgeller (level 6, 0/55 HPs)
             Began as a Minotaur Berserker on Mar 5, 2023.
             Was a Priest of Trog.
             Succumbed to Edmund's poison
             ... on level 5 of the Dungeon.
             The game lasted 00:12:53 (3763 turns).

BattleRest the Cudgeller (Minotaur Berserker)       Turns: 3763, Time: 00:12:54

Health: 0/55       AC: 15    Str: 27    XL:     6   Next: 5%
Magic:  5/5        EV:  7    Int:  4    God:    Trog [***...]
Gold:   66         SH:  0    Dex:  9    Spells: 5/5 levels left

rFire   + . .      SeeInvis .    a - +0 mace
rCold   . . .      Faith    .    (no shield)
rNeg    + . .      Spirit   .    x - +0 plate armour
rPois   .          Reflect  .    (helmet restricted)
rElec   .          Rampage  .    (no cloak)
rCorr   .                        o - +0 pair of gloves
Will    .....                    d - +1 pair of boots Stlth
                                 h - amulet of regeneration
HPRegen 1.09/turn                u - ring of the Scarab {rF+ rN+ Str+3}
MPRegen 0.09/turn                (no ring)

@: lethally poisoned (0 -> -2), on berserk cooldown, slowed, very slow
A: horns 2, retaliatory headbutt
a: Renounce Religion, Berserk, Trog's Hand


You were on level 5 of the Dungeon.
You worshipped Trog.
Trog was most pleased with you.
You visited 1 branch of the dungeon, and saw 5 of its levels.

You collected 181 gold pieces.
You spent 115 gold pieces at shops.

Inventory:

Hand Weapons
 a - a +0 mace (weapon)
Armour
 d - a +1 pair of boots (worn)
 o - a +0 pair of gloves (worn)
 x - a +0 plate armour (worn)
Jewellery
 h - an amulet of regeneration (around neck)
 u - the ring of the Scarab (left hand) {rF+ rN+ Str+3}
   (You bought it in a shop on level 4 of the Dungeon)

   [ring of protection from fire]

   Str:       It affects your strength (+3).
   rF:        It protects you from fire.
   rN:        It protects you from negative energy.
Wands
 m - a wand of charming (8)
Scrolls
 j - 3 scrolls of identify
 k - 2 scrolls of vulnerability
 n - a scroll of silence
 w - 2 scrolls of teleportation
Potions
 c - a potion of haste
 e - a potion of brilliance {unknown}
 f - 3 potions of flight {unknown}
 i - 2 potions of mutation {unknown}
 l - a potion of degeneration {unknown}
 p - 5 potions of curing {unknown}
 q - a potion of might {unknown}
 r - 2 potions of heal wounds {unknown}
 s - 3 potions of attraction {unknown}
 t - a potion of lignification {unknown}


   Skills:
 + Level 4.8 Fighting
 + Level 6.2 Maces & Flails
 + Level 4.3 Armour
 - Level 2.1 Dodging
 + Level 1.0 Stealth


You had 5 spell levels left.
You didn't know any spells.
Your spell library was empty.

Dungeon Overview and Level Annotations

Branches:
Dungeon (5/15)             Temple (0/1) D:5

Altars:
Ashenzari
Elyvilon
Gozag
Yredelemnul

Shops:
D:2 :   D:4 **(

Annotations:
D:5 Edmund


Innate Abilities, Weirdness & Mutations

You have a pair of horns on your head.
You reflexively headbutt those who attack you in melee.


Message History

You feel very sick. Something hits you.
You are more poisoned.
You closely miss something.
You feel very sick. Something hits you but does no damage.
You are more poisoned.
A red film seems to cover your vision as you go berserk!
You feel yourself moving faster!
You feel mighty!
You feel very sick. Something hits you but does no damage.
You are more poisoned.
You barely miss something.
You feel very sick. Something hits you!
You miss something.
You feel very sick.
You miss something.
You feel very sick. Something hits you!
* * * LOW HITPOINT WARNING * * *
You sock something!
* * * LOW HITPOINT WARNING * * *
You feel very sick. Something hits you but does no damage.
You sock something! Your headbutt misses something.
* * * LOW HITPOINT WARNING * * *
You feel very sick. Something hits you but does no damage.
* * * LOW HITPOINT WARNING * * *
You feel sick.
You feel a strong urge to attack something.
* * * LOW HITPOINT WARNING * * *
You feel sick.
* * * LOW HITPOINT WARNING * * *
You feel sick.
You feel your anger nearly subside.
You are no longer berserk.
You are exhausted.
You feel yourself slow down.
You die...

,,,*********#.* ,,,* #.*
,,,* #.* ,,,* #.* ****
###.#### *******#......#
*,,,.....#.##.#
*,**###**#.##.# *,*
#.##@# *,* #.##.# ###
****,* #.##.# ##.##
,,,#,*#######.##.###...##
**.#.##.................#
*,..#.....##.##.###...##
**,*#.......#......##.##
,,,*#.......####......#
,***#.......#
###.##.#######


There were no monsters in sight!

Vanquished Creatures
  2 hounds (D:4)
  A jelly (D:5)
  Ijyb (D:3)
  An orc wizard (D:5)
  4 adders
  2 worms
  2 dart slugs (D:1)
  7 orcs
  4 ball pythons
  8 bats
  7 endoplasms
  A giant cockroach (D:1)
  10 goblins
  11 hobgoblins
  5 jackals (D:1)
  7 kobolds
  4 quokkas
  3 frilled lizards
  4 rats
84 creatures vanquished.

Notes
Turn   | Place    | Note
-------+----------+-------------------------------------------
     0 | D:1      | BattleRest the Minotaur Berserker began the quest for the
                  | Orb.
     0 | D:1      | Reached XP level 1. HP: 19/19 MP: 0/0
   268 | D:1      | Reached skill level 4 in Maces & Flails
   268 | D:1      | Reached XP level 2. HP: 25/27 MP: 1/1
   518 | D:1      | Reached XP level 3. HP: 30/33 MP: 2/2
   521 | D:1      | Reached ** piety under Trog
   967 | D:2      | Found Zoineum's Book Shoppe.
  1383 | D:2      | Reached skill level 5 in Maces & Flails
  1615 | D:3      | Reached XP level 4. HP: 28/41 MP: 3/3
  1616 | D:3      | Found a broken altar of Ashenzari.
  1737 | D:3      | Found a basalt altar of Yredelemnul.
  1872 | D:3      | Noticed Ijyb
  1946 | D:3      | Killed Ijyb
  2077 | D:3      | Found a white marble altar of Elyvilon.
  2381 | D:4      | Found Tiuxty's Antique Weapon Shop.
  2467 | D:4      | Found Biadebb's Assorted Antiques.
  2475 | D:4      | Bought a wavering silver ring for 115 gold pieces
  2475 | D:4      | Identified the ring of the Scarab {rF+ rN+ Str+3} (You
                  | bought it in a shop on level 4 of the Dungeon)
  2673 | D:4      | Found Jasyxuu's Assorted Antiques.
  2705 | D:4      | Reached XP level 5. HP: 47/47 MP: 4/4
  2812 | D:4      | Reached *** piety under Trog
  2833 | D:4      | Found an opulent altar of Gozag.
  3156 | D:5      | Entered Level 5 of the Dungeon
  3255 | D:5      | Reached skill level 1 in Stealth
  3267 | D:5      | Reached skill level 6 in Maces & Flails
  3636 | D:5      | Reached XP level 6. HP: 53/55 MP: 5/5
  3744 | D:5      | Noticed Edmund
  3760 | D:5      | HP: 4/82 [poisoned by Edmund]
  3763 | D:5      | Succumbed to Edmund's poison

Illustrated notes

Levels and vault maps discovered:
D:1:      dpeg_arrival_simpleton_a, layout_loops_corners, serial_park_tiny_pond,
          minmay_misc_feat_pillars
D:2:      minmay_door_path, layout_basic, serial_shops, shop_coins
D:3:      layout_basic, evilmike_ruin_ashenzari, nicolae_overflow_crystal_walls,
          mainiacjoe_overflow_alcove_2, uniq_ijyb
D:4:      layout_basic, mainiacjoe_overflow_24_doors, serial_shops, shop,
          nicolae_shop_advertising_works [nicolae_subvault_shop_adworks],
          nicolae_stop_n_shop_1
D:5:      layout_loops_ring, temple_doors_ab, uniq_edmund

Skill      XL: |  1  2  3  4  5 |
---------------+----------------+-----
Maces & Flails | 4 5 6 |  6.2
Fighting       | 4 |  4.8
Armour         | 3 4 |  4.3
Stealth        | 1 |  1.0
Dodging        | |  2.1

Action                     |  1- 3 |  4- 6 || total
---------------------------+-------+-------++-------
  Melee: Mace              |    94 |   108 ||   202
         Headbutt          |    12 |    12 ||    24
         Punch             |     1 |     2 ||     3
         Unarmed           |       |     3 ||     3
 Invoke: Berserk           |       |     2 ||     2
    Use: Scroll            |     5 |     6 ||    11
 Armour: Animal skin       |     7 |       ||     7
         Ring mail         |    27 |    26 ||    53
         Chain mail        |       |    13 ||    13
         Plate armour      |       |     8 ||     8
  Dodge: Dodged            |    58 |    67 ||   125

Table legend: (Time is in decaauts)
 A = Elapsed time spent in this place.
 B = Non-inter-level travel time spent in this place.
 C = Inter-level travel time spent in this place.
 D = Time resting spent in this place.
 E = Time spent auto-exploring this place.
 F = Levels seen in this place.
 G = Mean time per level.
                   A        B        C        D        E       F      G
               +--------+--------+--------+--------+--------+-----+--------+
         Total |   3784 |   3660 |    124 |     68 |   2925 |   5 |  756.8 |
       Dungeon |   3784 |   3660 |    124 |     68 |   2925 |   5 |  756.8 |
               +--------+--------+--------+--------+--------+-----+--------+

Top non-repeatable levels by time:
     D:1: 972 daAuts
     D:3: 814 daAuts
     D:4: 778 daAuts
     D:2: 611 daAuts
     D:5: 607 daAuts
